 Dungeon Crawl Stone Soup version 0.28.0 (webtiles) character file.

Game seed: 17986621020426977627

810 Kikato the Sneak (level 7, 0/61 HPs)
             Began as a Tengu Brigand on Feb 7, 2022.
             Was an Initiate of Ru.
             Succumbed to a scorpion's poison
             ... on level 5 of the Dungeon.
             The game lasted 00:35:52 (6614 turns).

Kikato the Sneak (Tengu Brigand)                    Turns: 6614, Time: 00:35:53

Health: 0/61       AC:  6    Str: 12    XL:     7   Next: 92%
Magic:  8/8        EV: 14    Int: 13    God:    Ru [......]
Gold:   256        SH:  0    Dex: 17    Spells: 6/6 levels left

rFire   . . .      SeeInvis .   g - +2 short sword (distort)
rCold   . . .      Faith    .   (no shield)
rNeg    + . .      Spirit   .   l - +0 leather armour
rPois   .          Reflect  .   (helmet restricted)
rElec   .          Harm     .   c - +0 cloak
rCorr   .          Rampage  .   (no gloves)
Will    .....                   (boots unavailable)
Stlth   ..........              (no amulet)
HPRegen 0.20/turn               f - ring of positive energy
MPRegen 0.11/turn               (no ring)

@: berserking, lethally poisoned (0 -> -3), flying quickly and evasively, very
quick
A: beak, talons 3, nimble flight, iridescent scales 1, clever 1
a: Renounce Religion, Sacrifice Durability, Sacrifice Health, Sacrifice Courage,
Reject Sacrifices


You were on level 5 of the Dungeon.
You worshipped Ru.
Ru was noncommittal.
You visited 1 branch of the dungeon, and saw 5 of its levels.

You collected 256 gold pieces.

Inventory:

Hand Weapons
 a - a +2 dagger
 g - a +2 short sword of distortion (weapon)
 j - a +0 hunting sling
 k - a +4 quarterstaff of chaos
 m - the +10 mace of Dithmenos's Hatred {vorpal, Str+7 Int+10 Dex-2}
   (You found it on level 2 of the Dungeon)

   It inflicts extra damage upon your enemies.
   Str:       It affects your strength (+7).
   Int:       It affects your intelligence (+10).
   Dex:       It affects your dexterity (-2).
 r - a +0 shortbow
Missiles
 d - 22 poisoned darts (quivered)
 e - 2 curare-tipped darts
 h - 223 stones
 p - 2 throwing nets
 q - 51 arrows
 w - 17 sling bullets
Armour
 b - a +0 robe
 c - a +0 cloak (worn)
 l - a +0 leather armour (worn)
Jewellery
 f - a ring of positive energy (left hand)
 i - a ring of wizardry
Wands
 y - a wand of iceblast (7)
Scrolls
 s - a scroll of magic mapping {unknown}
 t - 2 scrolls of teleportation
 u - a scroll of blinking {unknown}
 x - a scroll of summoning {unknown}
Potions
 n - 2 potions of brilliance {unknown}
 o - a potion of berserk rage
 v - a potion of might {unknown}


   Skills:
 + Level 3.0 Fighting
 + Level 5.4 Short Blades
 + Level 2.6 Throwing
 + Level 3.5 Armour
 + Level 2.5 Dodging
 + Level 6.8 Stealth


You had 6 spell levels left.
You didn't know any spells.
Your spell library contained the following spells:

 Spells                   Type           Power      Damage    Failure   Level
 Magic Dart               Conj           0%         1d3       36%         1
 Blink                    Tloc           0%         N/A       52%         2
 Call Imp                 Summ           0%         N/A       52%         2
 Mephitic Cloud           Conj/Pois/Air  0%         N/A       75%         3
 Ozocubu's Armour         Ice            0%         N/A       75%         3
 Manifold Assault         Tloc           0%         N/A       100%        5
 Ozocubu's Refrigeration  Ice            0%         4d5       100%        7
 Storm Form               Tmut/Air       0%         N/A       100%        7


Dungeon Overview and Level Annotations

Branches:
Dungeon (5/15)
 Temple: D:4-7

Altars:
Cheibriados
Gozag
Ru
Trog
Uskayaw

Shops:
D:1 [


Innate Abilities, Weirdness & Mutations

You have a beak for a mouth.
You have claws for feet.
Your magical nature lets you fly swiftly and evasively.
You are partially covered in iridescent scales. (AC +2)
Your mind is acute. (Int +2)


Message History

The scorpion poisons you!
The orc priest begins to cast a cantrip, but forgets the words!
You hit the scorpion.
The scorpion is moderately wounded.
The scorpion blinks!
You feel sick.
You hit the orc wizard but do no damage.
Space warps horribly around the orc wizard!
You kill the orc wizard!
You feel sick.
The orc priest looks encouraged for a moment.
The orc priest invokes the aid of Beogh against you.
Pain shoots through your body!
* * * LOW HITPOINT WARNING * * *
You hit the orc priest.
Space warps around the orc priest.
You claw the orc priest.
The orc priest is severely wounded.
* * * LOW HITPOINT WARNING * * *
You feel sick. The scorpion closely misses you.
The orc priest mumbles some strange prayers to Beogh against you.
Pain shoots through your body!
* * * LOW HITPOINT WARNING * * *
The orc priest misses you.
It was a potion of berserk rage.
A red film seems to cover your vision as you go berserk!
You feel yourself moving faster!
You feel mighty!
* * * LOW HITPOINT WARNING * * *
You feel sick. The scorpion closely misses you.
The orc priest calls down the wrath of Beogh upon you.
Pain shoots through your body!
* * * LOW HITPOINT WARNING * * *
The orc priest closely misses you.
You are too berserk!
You puncture the scorpion!
The scorpion is devoured by a tear in reality.
* * * LOW HITPOINT WARNING * * *
You feel sick.
The orc priest begins to cast a cantrip, but forgets the words! x2
You puncture the orc priest!
You kill the orc priest!
You die...

.###.# #.... .# #.# #...#
.###)### #...# #......####
#...# ####
#.#.......####...#####....
#.#..#.#...............#
#.#.>...........§.§....#
#...............)§o...##
#.#..#....###...@§.####
....<.....##.......#
#....##.####.....#.#
..#.###.# #.....#.#
#.#.###.# #........
#......<# #.......##
###.##### #.#####.# ....#
#. ..# ##### # ##


You could see an orc priest.

Vanquished Creatures
  A black bear (D:4)
  A phantom (D:4)
  A centaur (D:4)
  A scorpion (D:4)
  A hound (D:4)
  An orc priest (D:5)
  An iron imp (D:3)
  Crazy Yiuf (D:2)
  Jessica (D:2)
  An iguana (D:4)
  4 orc wizards
  9 adders
  4 gnolls
  A dart slug (D:5)
  5 orcs
  11 endoplasms
  3 giant cockroaches
  8 goblins
  12 hobgoblins
  A jackal (D:1)
  2 quokkas
  6 ball pythons
  9 bats
  9 frilled lizards
  12 kobolds
  4 rats
110 creatures vanquished.

Notes
Turn   | Place    | Note
-------+----------+-------------------------------------------
     0 | D:1      | Kikato the Tengu Brigand began the quest for the Orb.
     0 | D:1      | Reached XP level 1. HP: 12/12 MP: 2/2
   188 | D:1      | Reached XP level 2. HP: 13/17 MP: 3/3
   608 | D:1      | Found Maockigo's Antique Armour Shop.
   648 | D:1      | Reached XP level 3. HP: 18/21 MP: 4/4
  1244 | D:2      | Noticed Jessica
  1245 | D:2      | Killed Jessica
  1246 | D:2      | Reached skill level 5 in Stealth
  1246 | D:2      | Reached XP level 4. HP: 26/26 MP: 5/5
  2599 | D:2      | Found a runed translucent door.
  2600 | D:2      | Noticed Crazy Yiuf
  2607 | D:2      | Killed Crazy Yiuf
  2610 | D:2      | Identified the +10 mace of Dithmenos's Hatred {vorpal,
                  | Str+7 Int+10 Dex-2}
  2863 | D:2      | Gained mutation: Your magical nature lets you fly swiftly
                  | and evasively. [Tengu growth]
  2863 | D:2      | Reached XP level 5. HP: 29/31 MP: 6/6
  3145 | D:2      | Found a faded altar of an unknown god.
  3770 | D:3      | Gained mutation: You are partially covered in iridescent
                  | scales. (AC +2) [potion of mutation]
  3770 | D:3      | Gained mutation: Your mind is acute. (Int +2) [potion of
                  | mutation]
  4120 | D:3      | Reached skill level 1 in Armour
  4247 | D:3      | Found a snail-covered altar of Cheibriados.
  4283 | D:3      | Found a hide-covered altar of Uskayaw.
  4362 | D:3      | Found a bloodstained altar of Trog.
  4482 | D:3      | Reached XP level 6. HP: 36/36 MP: 7/7
  4518 | D:3      | Found a sacrificial altar of Ru.
  4972 | D:3      | Became a worshipper of Ru the Awakened
  5064 | D:4      | Reached skill level 6 in Stealth
  5395 | D:4      | Reached XP level 7. HP: 40/40 MP: 8/8
  5791 | D:4      | Found an opulent altar of Gozag.
  5906 | D:4      | Reached skill level 5 in Short Blades
  6444 | D:5      | Entered Level 5 of the Dungeon
  6612 | D:5      | HP: 2/61 [orc priest/nerve-wracking pain (2)]
  6614 | D:5      | Succumbed to a scorpion's poison

Illustrated notes

Levels and vault maps discovered:
D:1:      minmay_arrival_jagged, layout_rooms, serial_shops, shop,
          minmay_octomino_c4
D:2:      layout_loops_ring, hellmonk_ecumenical_altar_leap_of_faith,
          uniq_crazy_yiuf_cottage, uniq_jessica
D:3:      layout_basic, slow_altar_1, mainiacjoe_overflow_alcove_1,
          nicolae_overflow_crystal_walls, trog_hazing_becter, minmay_pentangle
D:4:      layout_basic, mainiacjoe_overflow_surrounded_room, st_stairs_14,
          grunt_decor_one_mirror, minmay_stone_trees_medium, item_on_display_a
D:5:      layout_loops_cross, kennysheep_mini_moat,
          hellmonk_ghost_happy_afterlife

Skill      XL: |  1  2  3  4  5  6  7 |
---------------+----------------------+-----
Short Blades   | 3 4 5 |  5.4
Stealth        | 5 6 |  6.8
Armour         | 1 2 3 |  3.5
Dodging        | 2 |  2.5
Fighting       | 3 |  3.0
Throwing       | |  2.6

Action                   |  1- 3 |  4- 6 |  7- 9 || total
-------------------------+-------+-------+-------++-------
Melee: Dagger            |    27 |       |       ||    27
       Kick              |     6 |    19 |    10 ||    35
       Short sword       |    32 |   115 |    44 ||   191
       Peck              |     3 |     8 |     6 ||    17
       Punch             |       |     2 |       ||     2
Throw: Dart              |       |     9 |       ||     9
  Use: Potion            |     3 |     1 |     1 ||     5
       Scroll            |     1 |     3 |       ||     4
 Stab: Sleeping          |     5 |     8 |     4 ||    17
       Distracted        |       |     1 |       ||     1
Armor: Robe              |    12 |     2 |       ||    14
       Leather armour    |       |    37 |     8 ||    45
Dodge: Dodged            |    26 |    69 |    19 ||   114
